 Dungeon Crawl Stone Soup version 0.27-a0-1559-g299f9947c5 (webtiles) character file.

Game seed: 17697743029026962135

242 Nixze the Slasher (level 6, -3/46 HPs)
             Began as a Human Warper on July 16, 2021.
             Killed from afar by an orc wizard (7 damage)
             ... with a magic dart
             ... on level 5 of the Dungeon.
             The game lasted 00:06:12 (3429 turns).

Nixze the Slasher (Human Warper)                    Turns: 3429, Time: 00:06:12

Health: -3/46      AC:  5    Str: 12    XL:     6   Next: 31%
Magic:  10/10      EV: 10    Int: 14    God:
Gold:   202        SH:  0    Dex: 13    Spells: 5/10 levels left

rFire    . . .     SeeInvis .   a - +1 dagger (venom)
rCold    . . .     Faith    .   (no shield)
rNeg     . . .     Spirit   .   l - +0 ring mail
rPois    .         Reflect  .   (no helmet)
rElec    .         Harm     .   (no cloak)
rCorr    .         Rampage  .   (no gloves)
Will     .....                  (no boots)
Stlth    +.........             (no amulet)
HPRegen  0.15/turn              k - +4 ring of slaying
MPRegen  0.12/turn              (no ring)

@: no status effects
A: no striking features
a: no special abilities


You were on level 5 of the Dungeon.
You visited 1 branch of the dungeon, and saw 5 of its levels.

You collected 202 gold pieces.

Inventory:

Hand Weapons
 a - a +1 dagger of venom (weapon)
 b - a +1 dagger of speed
 v - a +2 dagger of holy wrath
Missiles
 d - 5 boomerangs of dispersal (quivered)
 e - 91 stones
Armour
 l - a +0 ring mail (worn)
Jewellery
 k - a +4 ring of slaying (left hand)
Wands
 s - a wand of iceblast (20)
Scrolls
 c - a scroll of blinking
 m - 3 scrolls of enchant weapon {unknown}
 o - 2 scrolls of identify {unknown}
 p - 3 scrolls of teleportation {unknown}
 q - a scroll of enchant armour {unknown}
 r - a scroll of immolation {unknown}
 t - a scroll of vulnerability {unknown}
 u - a scroll of fog {unknown}
 y - a scroll of fear {unknown}
Potions
 f - a potion of lignification {unknown}
 g - a potion of berserk rage {unknown}
 h - 2 potions of curing {unknown}
 i - a potion of brilliance {unknown}
 j - a potion of magic {unknown}
 n - a potion of mutation {unknown}
 w - a potion of haste {unknown}
 x - a potion of degeneration {unknown}


   Skills:
 + Level 2.5 Fighting
 + Level 5.1 Long Blades
 - Level 1.0 Throwing
 - Level 1.0 Armour
 - Level 2.0 Dodging
 * Level 2.7 Spellcasting
 * Level 3.6 Translocations


You had 5 spell levels left.
You knew the following spells:

 Your Spells              Type           Power      Damage    Failure   Level
a - Manifold Assault      Tloc           12%        N/A       97%         5

Your spell library contained the following spells:

 Spells                   Type           Power      Damage    Failure   Level
 Apportation              Tloc           24%        N/A       12%         1
 Blink                    Tloc           N/A        N/A       17%         2
 Gell's Gravitas          Tloc           6%         N/A       34%         3
 Lesser Beckoning         Tloc           6%         N/A       34%         3
 Teleport Other           Tloc           12%        N/A       34%         3
 Beastly Appendage        Tmut           2%         N/A       45%         1
 Wereblood                Tmut           1%         N/A       58%         2
 Spider Form              Tmut/Pois      0%         N/A       83%         3


Dungeon Overview and Level Annotations

Branches:
Dungeon (5/15)
 Temple: D:4-7

Altars:
Fedhas
Qazlal
Zin

Shops:
D:3 (


Message History

Found a stone staircase leading down and a stone staircase leading up.
There is a stone staircase leading up here.
Found 14 poisoned darts.
A wyvern skeleton comes into view.
The wyvern skeleton moves out of view.
An orc wizard comes into view. It is wielding a +0 dagger.
The orc wizard shouts!
You hear a shout!
An orc wizard comes into view. It is wielding a +0 dagger.
The orc wizard shouts!
You puncture the wyvern skeleton!
The wyvern skeleton is lightly damaged.
The wyvern skeleton bites you!
You hit the wyvern skeleton.
The wyvern skeleton is moderately damaged.
An orc comes into view. It is wielding a +0 trident.
The wyvern skeleton bites you.
You hit the wyvern skeleton.
The wyvern skeleton is heavily damaged.
The wyvern skeleton barely misses you.
The orc wizard mumbles some strange words.
The orc wizard flickers and vanishes!
Deactivating autopickup; reactivate with Ctrl-A.
The wyvern skeleton bites you!
You hit the wyvern skeleton.
The wyvern skeleton is heavily damaged.
A jackal comes into view.
The wyvern skeleton bites you!
The jackal barks!
You puncture the wyvern skeleton!
The wyvern skeleton is severely damaged.
The wyvern skeleton barely misses you. The wyvern skeleton bites you!
* * * LOW HITPOINT WARNING * * *
The orc wizard gestures wildly while chanting.
The orc wizard flickers and vanishes!
The wyvern skeleton bites you.
* * * LOW HITPOINT WARNING * * *
A magic dart appears from out of thin air!
The magic dart hits you!
You die...

...........# #.#
#........# #.#
#........####.#
#.......h{.##.#
#...........#.##
#.#####.#......#
# ###...#..Z..#
#......##...#
#.......#.@.#####
#.......#.....<.#
#.......#..<....#
##....(.#>......#
#......##..##.##
.......###..#..#
......... ##....#
######


You could see a jackal and a wyvern skeleton.

Vanquished Creatures
  A water moccasin skeleton (D:3)
  A hound (D:4)
  Jessica (D:3)
  A hound skeleton (D:4)
  A gnoll (D:2)
  3 adders
  5 dart slugs
  6 endoplasms
  2 giant cockroaches (D:1)
  5 goblins
  8 hobgoblins
  12 jackals
  4 kobolds
  4 quokkas
  8 ball pythons
  4 bats
  A frilled lizard (D:1)
  2 rats
69 creatures vanquished.

Notes
Turn   | Place    | Note
-------+----------+-------------------------------------------
     0 | D:1      | Nixze the Human Warper began the quest for the Orb.
     0 | D:1      | Reached XP level 1. HP: 16/16 MP: 3/3
   287 | D:1      | Reached XP level 2. HP: 21/22 MP: 5/5
   330 | D:1      | Reached skill level 3 in Long Blades
   554 | D:1      | Reached XP level 3. HP: 25/27 MP: 6/6
   576 | D:1      | Found a faded altar of an unknown god.
  1423 | D:2      | Reached skill level 4 in Long Blades
  1423 | D:2      | Reached XP level 4. HP: 30/33 MP: 7/7
  2058 | D:3      | Noticed Jessica
  2069 | D:3      | Killed Jessica
  2070 | D:3      | Reached XP level 5. HP: 13/38 MP: 8/8
  2296 | D:3      | Got Jessica's Almanac of Orientation
  2305 | D:3      | Learned a level 5 spell: Manifold Assault
  2336 | D:3      | Found Dydeim's Weapon Emporium.
  2370 | D:3      | Found a blossoming altar of Fedhas.
  2442 | D:3      | Reached skill level 5 in Long Blades
  2702 | D:4      | Reached XP level 6. HP: 41/44 MP: 9/9
  3160 | D:4      | Found a stormy altar of Qazlal.
  3160 | D:4      | Found a glowing silver altar of Zin.
  3396 | D:5      | Entered Level 5 of the Dungeon
  3429 | D:5      | Killed from afar by an orc wizard

Illustrated notes

Levels and vault maps discovered:
D:1:      dpeg_arrival_morbid_curiosity, layout_rooms,
          shapermc_ecumenical_altar_totnotflames
D:2:      layout_basic, roderic_roman_lattice, cheibrodos_gnoll_hut
D:3:      layout_loops_ring, fedhas_altar_1, serial_shops, shop_statue,
          kennysheep_jessica_study
D:4:      layout_rooms, gammafunk_temple_overflow_pools,
          kennysheep_cluttered_room, minmay_tree_intersection
D:5:      corexii_shantytown, layout_rooms, mainiacjoe_overflow_alcove_1,
          minmay_misc_feat_rugged

Skill      XL: |  1  2  3  4  5 |
---------------+----------------+-----
Long Blades    | 3 4 5 |  5.1
Fighting       | |  2.5
Throwing       | |  1.0
Armour         | |  1.0
Dodging        | |  2.0
Spellcasting   | |  2.7
Translocations | |  3.6

Action                   |  1- 3 |  4- 6 || total
-------------------------+-------+-------++-------
Melee: Falchion          |    35 |       ||    35
       Dagger            |    68 |   107 ||   175
Armor: Leather armour    |    10 |       ||    10
       Ring mail         |    11 |    39 ||    50
Dodge: Dodged            |    48 |    57 ||   105
       Rpst.: Falchion   |     4 |       ||     4

Table legend: (Time is in decaauts)
 A = Elapsed time spent in this place.
 B = Non-inter-level travel time spent in this place.
 C = Inter-level travel time spent in this place.
 D = Time resting spent in this place.
 E = Time spent auto-exploring this place.
 F = Levels seen in this place.
 G = Mean time per level.
                   A        B        C        D        E       F      G
               +--------+--------+--------+--------+--------+-----+--------+
         Total |   3411 |   3308 |    103 |    467 |   2383 |   5 |  682.2 |
       Dungeon |   3411 |   3308 |    103 |    467 |   2383 |   5 |  682.2 |
               +--------+--------+--------+--------+--------+-----+--------+

Top non-repeatable levels by time:
     D:1: 1187 daAuts
     D:3: 921 daAuts
     D:4: 693 daAuts
     D:2: 577 daAuts
     D:5: 32 daAuts
